 Dungeon Crawl Stone Soup version 0.23-a0-183-gf37f6fb (webtiles) character file.

765 EvilAliv3 the Skirmisher (level 7, -1/58 HPs)
             Began as a Demonspawn Wanderer on Sept 22, 2018.
             Killed from afar by a steam dragon (15 damage)
             ... with a ball of steam
             ... on level 5 of the Dungeon.
             The game lasted 00:31:58 (5838 turns).

EvilAliv3 the Skirmisher (Demonspawn Wanderer)      Turns: 5838, Time: 00:31:59

Health: -1/58      AC:  9    Str: 14    XL:     7   Next: 52%
Magic:  0/7        EV:  8    Int: 11    God:
Gold:   256        SH:  5    Dex: 15    Spells: 6/6 levels left

rFire    . . .     SeeInvis .   y - +1 trident (pierce)
rCold    . . .     Gourm    .   t - +0 buckler
rNeg     . . .     Faith    .   d - +0 scale mail
rPois    .         Spirit   +   z - +2 hat
rElec    .         Reflect  .   (no cloak)
rCorr    .         Harm     .   (no gloves)
MR       .....                  (no boots)
Stlth    +.........             (no amulet)
HPRegen  0.19/turn              m - ring of wizardry
MPRegen  0.10/turn              (no ring)

@: no status effects
A: talons 1, nightstalker 1, magic shield
a: no special abilities


You were on level 5 of the Dungeon.
You were not hungry.

You visited 1 branch of the dungeon, and saw 5 of its levels.

You collected 256 gold pieces.

Inventory:

Hand Weapons
 a - a +2 mace
 b - a +0 blowgun
 u - a +0 flail of draining
 y - a +1 trident of piercing (weapon)
 E - the cursed +3 dagger of the Weasel {pierce, MR+++ Str+5 Dex-2 Stlth+, unknown}
   (You found it on level 5 of the Dungeon)

   It inflicts extra damage upon your enemies.
   It affects your strength (+5).
   It affects your dexterity (-2).
   It affects your resistance to hostile enchantments.
   It makes you more stealthy.
   It has a curse placed upon it.
Missiles
 v - 4 tomahawks (quivered)
 x - 15 poisoned needles
Armour
 d - a +0 scale mail (worn)
 q - a +0 chain mail
 r - a +1 shield
 t - a +0 buckler (worn)
 z - a +2 hat (worn)
Jewellery
 m - a ring of wizardry (left hand)
 D - an uncursed amulet of magic regeneration {unknown}
Scrolls
 c - 4 scrolls of teleportation
 e - 2 scrolls of magic mapping
 f - 2 scrolls of fog
 j - 3 scrolls of remove curse
 k - 2 scrolls of random uselessness {unknown}
 A - a scroll of enchant weapon {unknown}
Potions
 h - 2 potions of ambrosia
 i - a potion of resistance
 l - a potion of invisibility
 n - 2 potions of magic {unknown}
 o - a potion of haste
 p - 2 potions of heal wounds
 s - a potion of curing
 w - a potion of lignification
 C - a potion of flight {unknown}
Comestibles
 g - a chunk of flesh
 B - 3 rations


   Skills:
 * Level 6.1 Fighting
 - Level 1.7 Maces & Flails
   Level 3.6 Crossbows
 - Level 1.0 Throwing
 + Level 3.8 Armour
 - Level 1.0 Stealth
 + Level 3.2 Shields


You had 6 spell levels left.
You didn't know any spells.
Your spell library was empty.

Dungeon Overview and Level Annotations

Branches:
Dungeon (5/15)
 Temple: D:4-7

Altars:
Fedhas
Trog
Vehumet


Innate Abilities, Weirdness & Mutations

You have sharp toenails.
You are slightly more attuned to the shadows.
When hurt, damage is shared between your health and your magic reserves.


Message History

a polished dagger; a worker ant corpse
E - a polished dagger You are engulfed in a cloud of scalding steam.
You are engulfed in a cloud of scalding steam.
You are engulfed in a cloud of scalding steam.
The sentinel's mark upon you fades away.
The steam dragon breathes steam at you. The ball of steam hits you!
You are engulfed in a cloud of scalding steam.
The steam dragon breathes steam at you. The ball of steam hits you!
You are engulfed in a cloud of scalding steam.
You are engulfed in a cloud of scalding steam.
* * * LOW HITPOINT WARNING * * *
You are engulfed in a cloud of scalding steam.
* * * LOW HITPOINT WARNING * * *
Okay, then.
The steam dragon breathes steam at you. The ball of steam hits you!
You die...

###.# #.#
##........
##...# #.#
####.#.##
#####..### #.#
#.#.##
####.....## #D#
#...)#
###....##### #D#
##.... #...####
#§# ##....
....#### ##§#
####..##.
###....######
#§.# ##....####
####...<..##
#@## #..####
######..###.###
###.##
##.......###...#
#.<..........###
#......#..####
#......##.#
#..[...##..#
#[.....###...
#......# ####


There were no monsters in sight!

Vanquished Creatures
  A necrophage (D:5)
  The ghost of jusw85 the Poker, an amateur MfAK of Lugonu (D:3)
  A centaur (D:4)
  2 scorpions (D:4)
  A jelly (D:5)
  A hound (D:4)
  Terence (D:2)
  3 orc wizards
  3 worker ants
  8 gnolls
  A shadow imp (D:5)
  An ooze (D:2)
  2 worms (D:3)
  An adder skeleton (D:4)
  2 dart slugs
  A leopard gecko (D:1)
  9 orcs
  3 giant cockroaches
  7 goblins
  11 hobgoblins
  5 jackals
  2 ball pythons
  6 bats
  3 frilled lizards
  9 kobolds
  A leopard gecko zombie (D:5)
  9 rats
95 creatures vanquished.

Notes
Turn   | Place    | Note
-------+----------+-------------------------------------------
     0 | D:1      | EvilAliv3 the Demonspawn Wanderer began the quest for the
                  | Orb.
     0 | D:1      | EvilAliv3 set off with: a +2 mace, a +0 ring mail, a scroll
                  | of teleportation, a ration
     0 | D:1      | Reached XP level 1. HP: 15/15 MP: 1/1
   200 | D:1      | Gained mutation: You are slightly more attuned to the
                  | shadows. [demonic ancestry]
   200 | D:1      | Reached XP level 2. HP: 22/22 MP: 2/2
   249 | D:1      | Reached skill level 2 in Fighting
   645 | D:1      | Reached XP level 3. HP: 28/28 MP: 3/3
   872 | D:2      | Found a faded altar of an unknown god.
  1268 | D:2      | Noticed Terence
  1438 | D:1      | Reached skill level 3 in Fighting
  2073 | D:3      | Gained mutation: You have sharp toenails. [demonic
                  | ancestry]
  2073 | D:3      | Reached XP level 4. HP: 10/35 MP: 4/4
  2395 | D:3      | Found a runed door.
  2399 | D:3      | Noticed jusw85's ghost (amateur MfAK)
  2629 | D:3      | Reached skill level 1 in Shields
  3218 | D:2      | Killed Terence
  3218 | D:2      | Gained mutation: When hurt, damage is shared between your
                  | health and your magic reserves. [demonic ancestry]
  3218 | D:2      | Reached XP level 5. HP: 29/42 MP: 5/5
  3645 | D:3      | Reached skill level 4 in Fighting
  3844 | D:3      | Found a bloodstained altar of Trog.
  4034 | D:3      | Killed jusw85's ghost
  4034 | D:3      | Reached XP level 6. HP: 41/49 MP: 4/6
  4802 | D:4      | Reached skill level 5 in Fighting
  4845 | D:4      | Found a blossoming altar of Fedhas.
  4973 | D:4      | Reached XP level 7. HP: 47/56 MP: 7/7
  5182 | D:4      | Found a radiant altar of Vehumet.
  5386 | D:5      | Entered Level 5 of the Dungeon
  5702 | D:5      | Reached skill level 6 in Fighting
  5705 | D:5      | Found Zisunog's Armour Emporium.
  5814 | D:5      | Noticed a steam dragon
  5816 | D:5      | Noticed a steam dragon
  5818 | D:5      | Got a polished dagger
  5838 | D:5      | Killed from afar by a steam dragon

Vault maps used:
D:1:      dpeg_arrival_rooms_with_view
D:2:      chequers_ecumenical_altar_simple_redux, uniq_terence
D:3:      gammafunk_ghost_grave, trog_book
D:4:      kennysheep_mini, first_ration, small_statue_intersection,
          fedhas_bush_and_centaur_altar
D:5:      kennysheep_steamy, serial_shops, nicolae_shop_stone

Skill      XL: |  1  2  3  4  5  6  7 |
---------------+----------------------+-----
Fighting       | 2 3 4 5 6 |  6.1
Armour         | 2 3 |  3.8
Shields        | 1 2 3 |  3.2
Maces & Flails | |  1.7
Crossbows      | |  3.6
Throwing       | |  1.0
Stealth        | |  1.0

Action                   |  1- 3 |  4- 6 |  7- 9 || total
-------------------------+-------+-------+-------++-------
Melee: Mace              |   133 |    82 |       ||   215
       Kick              |       |    35 |    11 ||    46
       Trident           |       |    84 |    41 ||   125
Throw: Tomahawk          |     4 |     7 |     2 ||    13
  Use: Scroll            |     1 |    11 |       ||    12
 Stab: Sleeping          |       |     4 |     2 ||     6
  Eat: Chunk             |     4 |     9 |     3 ||    16
Armor: Ring mail         |    66 |    16 |       ||    82
       Scale mail        |       |    36 |    13 ||    49
Dodge: Dodged            |    92 |    50 |    24 ||   166
Block: Buckler           |     7 |    25 |     7 ||    39

Table legend:
 A = Non-vault XP
 B = Vault XP
 C = Vault XP percentage of total XP
 D = Non-vault monster count
 E = Vault monster count
 F = Vault count percentage of total count
                 A         B        C        D         E       F
            +---------+---------+-------+---------+---------+-------
      Total |     828 |     266 |  24.3 |      90 |       5 |   5.3
            +---------+---------+-------+---------+---------+-------
        D:1 |      62 |       3 |   4.6 |      23 |       2 |   8.0
        D:2 |      75 |      36 |  32.4 |      18 |       1 |   5.3
        D:3 |     131 |     115 |  46.7 |      28 |       1 |   3.4
        D:4 |     316 |     112 |  26.2 |      13 |       1 |   7.1
        D:5 |     244 |       0 |   0.0 |       8 |       0 |   0.0
            +---------+---------+-------+---------+---------+-------
